 Dungeon Crawl Stone Soup version 0.24.0-125-gc4c63601f3 (webtiles) character file.

Game seed: 18243559992735834154, levelgen mode: deterministic

51 straycat the Ducker (level 3, 0/27 HPs)
             Began as a Vampire Gladiator on Mar 9, 2020.
             Slain by a gnoll
             ... wielding a +0 spear
              (4 damage)
             ... on level 2 of the Dungeon.
             The game lasted 00:06:20 (1074 turns).

straycat the Ducker (Vampire Gladiator)             Turns: 1074, Time: 00:06:21

Health: 0/27       AC:  3    Str: 14    XL:     3   Next: 57%
Magic:  3/3        EV: 14    Int: 10    God:
Gold:   86         SH:  0    Dex: 15    Spells: 2/2 levels left

rFire    . . .     SeeInvis +   f - +0 hunting sling
rCold    . . .     Gourm    .   (no shield)
rNeg     . . .     Faith    .   a - +0 leather armour
rPois    .         Spirit   .   (helmet restricted)
rElec    .         Reflect  .   (no cloak)
rCorr    .         Harm     .   (no gloves)
MR       .....     Clarity  +   (no boots)
Stlth    +.........             (no amulet)
HPRegen  0.29/turn              (no ring)
MPRegen  0.08/turn              (no ring)

@: regenerating quickly
A: no food, antennae 1, fangs 3, see invisible, clarity, unbreathing
a: Exsanguinate


You were on level 2 of the Dungeon.
You were alive.

You visited 1 branch of the dungeon, and saw 2 of its levels.

You collected 86 gold pieces.

Inventory:

Hand Weapons
 f - a +0 hunting sling (weapon)
 h - a +0 dagger
Missiles
 j - 14 stones (quivered)
 l - 8 atropa-tipped darts
 m - 21 arrows
 p - 43 bolts
Armour
 a - a +0 leather armour (worn)
 b - a +0 helmet
 e - a +0 ring mail
Jewellery
 d - an uncursed ring of resist corrosion {unknown}
 q - a +5 ring of protection {unknown}
Scrolls
 g - 2 scrolls of identify {unknown}
Potions
 i - a potion of mutation
 k - a potion of invisibility {unknown}
 n - a potion of curing
 o - a potion of agility {unknown}


   Skills:
 + Level 2.3 Fighting
 - Level 1.5 Throwing
 * Level 4.3 Dodging
 + Level 3.8 Unarmed Combat


You had 2 spell levels left.
You didn't know any spells.
Your spell library was empty.

Dungeon Overview and Level Annotations

Branches:
Dungeon (2/15)

Altars:

Annotations:
D:2 Robin


Innate Abilities, Weirdness & Mutations

You do not eat.
Your natural rate of healing is unusually fast.
You have razor-sharp teeth.
You have supernaturally acute eyesight. (SInv)
You can survive without breathing.
You have a pair of small antennae on your head.
You possess an exceptional clarity of mind.


Message History

The gnoll misses you.
The gnoll hits you from afar with a +0 spear.
Firing (i - inventory. (/) - cycle)
j - 15 stones (quivered)
Press: ? - help, Shift-Dir - straight line, f/p - hobgoblin
Aim: a hobgoblin, wielding a +0 club You shoot a stone.
The stone closely misses the gnoll.
The stone barely misses the gnoll.
The stone hits the goblin.
The goblin is moderately wounded.
The gnoll hits you with a +0 club!
* * * LOW HITPOINT WARNING * * *
The gnoll barely misses you.
It was a potion of mutation.
You feel extremely strange.
Your thoughts seem clearer.
A pair of antennae grows on your head!
Your +0 helmet falls away!
The gnoll misses you.
The gnoll hits you from afar with a +0 spear.
* * * LOW HITPOINT WARNING * * *
It was a potion of curing.
You feel better. The gnoll hits you with a +0 club!
* * * LOW HITPOINT WARNING * * *
The gnoll hits you from afar with a +0 spear.
You die...

#..g.#...#...
##.#g..#...#
##g.#...#..
###g(#...#
#gg#..#..
...#####g####..#
.......gg# ...
...####g## ..
..####@# ...
.....#'######....
..
#.............. .
#....†.........
#.#..............
#.#.%............
#............^.<.
###.............
#.........###


You could see 3 gnolls, a hobgoblin and 3 goblins.

Vanquished Creatures
  A gnoll (D:2)
  An adder (D:2)
  A ball python (D:1)
  6 goblins
  4 hobgoblins (D:2)
  3 jackals (D:2)
  6 bats
  7 frilled lizards (D:1)
  A kobold (D:1)
  3 rats (D:1)
33 creatures vanquished.

Notes
Turn   | Place    | Note
-------+----------+-------------------------------------------
     0 | D:1      | straycat the Vampire Gladiator began the quest for the Orb.
     0 | D:1      | Reached XP level 1. HP: 16/16 MP: 1/1
   667 | D:1      | Reached XP level 2. HP: 19/22 MP: 2/2
   961 | D:2      | Reached skill level 4 in Dodging
   973 | D:2      | Noticed Robin
   990 | D:2      | Reached XP level 3. HP: 19/27 MP: 3/3
  1073 | D:2      | Gained mutation: You possess an exceptional clarity of
                  | mind. [potion of mutation]
  1073 | D:2      | Gained mutation: You have a pair of small antennae on your
                  | head. [potion of mutation]
  1074 | D:2      | Slain by a gnoll

Levels and vault maps discovered:
D:1:      noname_arrival_rooms_in_the_neighbourhood, layout_basic,
          supply_closet_lemuel, minmay_lizard_pond
D:2:      layout_basic, lemuel_doored_altar, first_ration, hex_large,
          hangedman_decor_lopped, uniq_robin, uniq_jessica

Skill      XL: |  1  2 |
---------------+-------+-----
Fighting       | 2 |  2.3
Dodging        | 4 |  4.3
Throwing       | |  1.5
Unarmed Combat | |  3.8

Action                   || total
-------------------------++-------
Melee: Unarmed           ||    16
       Hunting sling     ||    42
       Bite              ||     5
       Punch             ||     1
 Fire: Hunting sling     ||    67
Throw: Throwing net      ||     3
  Use: Potion            ||     2
 Stab: Held in net/web   ||     2
Armor: Leather armour    ||    37
Dodge: Dodged            ||   107
